 Dungeon Crawl Stone Soup version 0.17.1-1-g73c8601 (webtiles) character file.

1352 lumilar the Shield-Bearer (level 8, -2/71 HPs)
             Began as a Hill Orc Fighter on Jan 2, 2016.
             Slain by an ice beast (14 damage)
             ... on level 6 of the Dungeon on Jan 7, 2016.
             The game lasted 00:49:31 (10092 turns).

lumilar the Shield-Bearer (Hill Orc Fighter)       Turns: 10092, Time: 00:49:31

Health: -2/71      AC: 15    Str: 21    XL:     8   Next: 63%
Magic:  11/11      EV:  6    Int:  8    God:
Gold:   319        SH: 16    Dex: 10    Spells: 0 memorised, 11 levels left

rFire  . . .     SeeInvis .     x - -3 dagger (curse)
rCold  . . .     Clarity  .     g - +0 chain mail
rNeg   . . .     SustAt   .     r - +0 large shield
rPois  .         Gourm    .     w - +0 helmet
rElec  .         Spirit   .     i - +0 cloak
rCorr  .         Warding  .     j - +1 pair of gloves
rMut   .         Stasis   .     (no boots)
MR     .....                    (no amulet)
Stlth  ..........               (no ring)
                                (no ring)

@: not resistant to hostile enchantments, extremely unstealthy
A: no striking features
a: no special abilities


You were on level 6 of the Dungeon.
You were not hungry.

You visited 1 branch of the dungeon, and saw 6 of its levels.

You collected 319 gold pieces.

Inventory:

Hand Weapons
 a - a +1 long sword
 x - a cursed -3 dagger (weapon)
Armour
 c - a +1 shield
 g - a +0 chain mail (worn)
 i - a +0 cloak (worn)
 j - a +1 pair of gloves (worn)
 r - a +0 large shield (worn)
 u - a +0 helmet
 w - a +0 helmet (worn)
Jewellery
 o - an uncursed amulet of regeneration
Wands
 d - a wand of paralysis (0)
 l - a wand of flame (0)
Scrolls
 f - 7 scrolls of identify
 p - a scroll of amnesia
 v - 3 scrolls of teleportation
Potions
 b - a potion of brilliance
 k - a potion of ambrosia {unknown}
 t - 2 potions of agility {unknown}
 z - a potion of lignification {unknown}
Comestibles
 e - 3 bread rations
 h - 7 meat rations
 m - a slice of pizza
 n - a royal jelly
 q - a chunk of flesh


   Skills:
 + Level 6.9 Fighting
 + Level 5.9 Long Blades
   Level 1.3 Axes
 + Level 2.6 Throwing
 + Level 7.4 Armour
 + Level 3.9 Dodging
 + Level 2.5 Stealth
 + Level 7.7 Shields
 + Level 4.5 Unarmed Combat
 + Level 2.1 Spellcasting
 + Level 3.1 Evocations


You had 11 spell levels left.
You didn't know any spells.

Dungeon Overview and Level Annotations

Branches:
Dungeon (6/15)
 Temple: D:4-7

Altars:
Ashenzari
Cheibriados
Fedhas
Okawaru
Sif Muna
Vehumet
The Shining One


Message History

The ice beast is heavily wounded.
The ice beast hits you but does no damage.
You hit the ice beast but do no damage.
The ice beast is heavily wounded.
You block the ice beast's attack.
You hit the ice beast but do no damage.
The ice beast is heavily wounded.
The ice beast barely misses you.
You closely miss the ice beast.
The ice beast is heavily wounded.
You block the ice beast's attack.
You hit the ice beast but do no damage.
The ice beast is heavily wounded.
You block the ice beast's attack.
You hit the ice beast but do no damage.
The ice beast is heavily wounded.
The ice beast hits you.
* * * LOW HITPOINT WARNING * * *
The ice beast freezes you!
You die...

########
#......#
##.###.#
#.รท#<..#
###.####...
#......#
#@###.##
#.Y.$....
####.####
.. #.# #


You could see an ice beast.

Vanquished Creatures
  An ogre (D:4)
  A phantom (D:5)
  The ghost of Opium the Charmwright, an amateur HESk (D:3)
  2 centaurs (D:5)
  Blork the orc (D:3)
  A giant frog (D:5)
  A scorpion (D:5)
  4 orc priests
  4 worker ants
  An iguana (D:5)
  2 orc wizards
  11 adders
  A shadow imp (D:5)
  An adder zombie (D:5)
  An ooze (D:4)
  A worm (D:3)
  5 giant geckos
  20 orcs
  2 ball pythons
  6 giant cockroaches
  6 hobgoblins
  24 jackals
  3 kobolds
  A quokka (D:2)
  6 bats
  8 giant newts
  8 goblins
  A jackal zombie (D:5)
  A quokka skeleton (D:5)
  5 rats
  A plant (D:2)
131 creatures vanquished.

Notes
Turn   | Place    | Note
--------------------------------------------------------------
     0 | D:1      | lumilar the Hill Orc Fighter began the quest for the Orb.
     0 | D:1      | Reached XP level 1. HP: 19/19 MP: 1/1
   626 | D:1      | Reached XP level 2. HP: 27/27 MP: 2/2
   844 | D:1      | Found a glowing golden altar of the Shining One.
  1369 | D:1      | Reached XP level 3. HP: 33/33 MP: 3/3
  1834 | D:2      | Reached skill level 4 in Shields
  2091 | D:2      | Reached XP level 4. HP: 31/40 MP: 4/4
  2443 | D:2      | Found a faded altar to an unknown god.
  3199 | D:2      | Reached skill level 1 in Axes
  3421 | D:2      | Found a snail-covered altar of Cheibriados.
  3421 | D:2      | Found a radiant altar of Vehumet.
  3421 | D:2      | Found a glowing golden altar of the Shining One.
  3744 | D:3      | Found a blossoming altar of Fedhas.
  4340 | D:3      | Noticed Opium's ghost (amateur HESk)
  4355 | D:3      | Killed Opium's ghost
  4355 | D:3      | Reached skill level 5 in Shields
  4355 | D:3      | Reached XP level 5. HP: 36/46 MP: 5/5
  4677 | D:3      | Found a shattered altar of Ashenzari.
  4892 | D:3      | Noticed Blork the orc
  5337 | D:3      | Killed Blork the orc
  5337 | D:3      | Reached XP level 6. HP: 52/52 MP: 6/6
  5445 | D:3      | Found a deep blue altar of Sif Muna.
  5761 | D:4      | Reached skill level 6 in Fighting
  5761 | D:4      | Reached skill level 5 in Long Blades
  5761 | D:4      | Reached skill level 7 in Shields
  5761 | D:4      | Reached XP level 7. HP: 37/64 MP: 6/10
  6967 | D:5      | Entered Level 5 of the Dungeon
  7050 | D:5      | Reached XP level 8. HP: 59/71 MP: 11/11
  9082 | D:5      | Found an iron altar of Okawaru.
 10092 | D:6      | Slain by an ice beast

Action                   |  1- 3 |  4- 6 |  7- 9 || total
-------------------------+-------+-------+-------++-------
Melee: Long sword        |    31 |    17 |   263 ||   311
       Hand axe          |   134 |   176 |       ||   310
       Dagger            |       |       |   436 ||   436
Evoke: Wand              |       |    13 |     6 ||    19
  Use: Scroll            |     5 |     6 |     2 ||    13
       Potion            |       |     4 |     3 ||     7
 Stab: Paralysed         |       |       |     5 ||     5
  Eat: Chunk             |     4 |    10 |     9 ||    23
       Fruit             |       |     1 |     3 ||     4
       Beef jerky        |       |       |     3 ||     3
